Workbook
Name \0: #REF!
Name \1: #REF!
Name \11: #REF!
Name \A: #REF!
Name \b: #REF!
Name \c: #REF!
Name \Convergence: 1000000
Name \d: #N/A
Name \f: #N/A
Name \fagf: #REF!
Name \I: #REF!
Name \IterationCount: 0
Name \p: #N/A
Name \S: #REF!
Name \w: #REF!
Name \WorstStream: " "
Name \x: #REF!
Name \y: #REF!
Name \z: #REF!
Name ______________________________________________cab1: #REF!
Name ____________________________________________cab1: #REF!
Name ____________________________________________RET1: #REF!
Name __________________________________________cab1: #REF!
Name __________________________________________oac2: #REF!
Name __________________________________________RET1: #REF!
Name __________________________________________TT21: #REF!
Name __________________________________________TT22: #REF!
Name _________________________________________cab1: #REF!
Name _________________________________________JAZ1: #REF!
Name _________________________________________JAZ11: #REF!
Name _________________________________________JAZ2: #REF!
Name _________________________________________JAZ22: #REF!
Name _________________________________________JAZ3: #REF!
Name _________________________________________JAZ33: #REF!
Name _________________________________________RET1: #REF!
Name ________________________________________EXT1: #REF!
Name ________________________________________ind100: #REF!
Name ________________________________________JAZ1: #REF!
Name ________________________________________JAZ11: #REF!
Name ________________________________________JAZ2: #REF!
Name ________________________________________JAZ22: #REF!
Name ________________________________________JAZ3: #REF!
Name ________________________________________JAZ33: #REF!
Name ________________________________________oac2: #REF!
Name ________________________________________RET1: #REF!
Name ________________________________________TT21: #REF!
Name ________________________________________TT22: #REF!
Name _______________________________________cab1: #REF!
Name _______________________________________JAZ1: #REF!
Name _______________________________________JAZ11: #REF!
Name _______________________________________JAZ2: #REF!
Name _______________________________________JAZ22: #REF!
Name _______________________________________JAZ3: #REF!
Name _______________________________________JAZ33: #REF!
Name _______________________________________TT21: #REF!
Name _______________________________________TT22: #REF!
Name ______________________________________cab1: #REF!
Name ______________________________________EXT1: #REF!
Name ______________________________________ind100: #REF!
Name ______________________________________JAZ1: #REF!

Sheet DADOS DA OBRA
B10: DADOS DO EMPREENDIMENTO
B12: OBJETO
B15: ENDEREÇO
B18: DISTRITO | J18: Cidade | P18: UF
B21: Área Total de Construção | F21: BDI | J21: ENCARGOS SOCIAIS HORISTAS | N21: Data do Orçamento
N22: 45966
B24: Prazo | F24: BDI REDUZIDO | J24: ENCARGOS SOCIAIS MENSALISTAS | N24: Revisão
B25: 60 DIAS | N25: 00
B27: BASE
B28: GOINFRA (TABELA DE PROJETOS) - 06/2025

Sheet CAPA - ORÇAMENTO
C9: ORÇAMENTO
C15: OBJETO: | D15: CONTRATAÇÃO DE EMPRESA PARA ELABORAÇÃO PROJETOS DE ENGENHARIA PARA IMPLANTAÇÃO DE PAVIMENTAÇÃO URBANA NO MUNICÍPIO DE URUTAÍ-GO
C16: LOCAL: | D16: LOTEAMENTO SETOR BELA VISTA II
C17: DATA: | D17: 45966
C18: RESPONSÁVEL: | D18: Eng. Civil Thiago Alves Silva
C19: CREA: | D19: 1004804750D-GO

Sheet CAPA - VANTAJOSIDADE
C9: VANTAJOSIDADE

Sheet VANTAJOSIDADE
B1: CÁLCULO DE VANTAJOSIDADE
B4: OBJETO: | C4: ='DADOS DA OBRA'!B13 -> 0 | M4: DATA: | N4: ='DADOS DA OBRA'!N22 -> 45966
B5: LOCAL: | C5: =+""&'DADOS DA OBRA'!$B$16&", "&'DADOS DA OBRA'!$B$19&", "&'DADOS DA OBRA'!$J$19&", "&'DADOS DA OBRA'!$P$19 -> , , , | M5: REVISÃO: | N5: ='DADOS DA OBRA'!N25 -> 00
B7: O cálculo de vantajosidade se baseia na comparação direta entre os valores totais do orçamento e a escolha pelo que representa o menor valor, para tanto temos:
F10: a. Orçamento com desoneração: | J10: =#REF! -> #REF!
F11: b. Orçamento sem desoneração: | J11: ='ORÇAMENTO SINTÉTICO (SD)'!M26 -> 17581.86
F13: % de Diferença (a / b) | J13: =(J10/J11)-1 -> #REF!
F15: ORÇAMENTO COM MELHOR VANTAJOSIDADE: | J15: =+IF(J11<J10,"SEM DESONERAÇÃO","COM DESONERAÇÃO") -> #REF!

Sheet CAPA - ORÇAMENTO (SD)
C9: ORÇAMENTO SEM DESONERAÇÃO

Sheet ORÇAMENTO RESUMO (SD)
B1: ORÇAMENTO RESUMO SEM DESONERAÇÃO
B3: OBJETO: | C3: ='CAPA - ORÇAMENTO'!D15 -> CONTRATAÇÃO DE EMPRESA PARA ELABORAÇÃO PROJETOS DE ENGENHARIA PARA IMPLANTAÇÃO DE PAVIMENTAÇÃO URBANA NO MUNICÍPIO DE URUTAÍ-GO | J3: DATA: | K3: ='DADOS DA OBRA'!N22 -> 45966
B4: LOCAL: | C4: ='CAPA - ORÇAMENTO'!D16 -> LOTEAMENTO SETOR BELA VISTA II | J4: BDI OBRA: | K4: 0.4503
B5: BASE: | C5: ='DADOS DA OBRA'!B28 -> GOINFRA (TABELA DE PROJETOS) - 06/2025 | J5: REVISÃO: | K5: ='DADOS DA OBRA'!N25 -> 00
B8: Item | E8: Descrição | J8: Total Sem BDI | K8: Total Com BDI
B9: 1 | E9: ='ORÇAMENTO SINTÉTICO (SD)'!E9 -> ESTUDOS | J9: =+'ORÇAMENTO SINTÉTICO (SD)'!J9 -> 4320.94 | K9: =+'ORÇAMENTO SINTÉTICO (SD)'!M9 -> 6108.94
B10: 2 | E10: ='ORÇAMENTO SINTÉTICO (SD)'!E16 -> PROJETOS | J10: =+'ORÇAMENTO SINTÉTICO (SD)'!J16 -> 8045.92 | K10: =+'ORÇAMENTO SINTÉTICO (SD)'!M16 -> 11472.92
G12: Total sem BDI | J12: =SUM(J9:J11) -> 12366.86
G13: Valor do BDI | J13: =+J14-J12 -> 5215
G14: Total Geral | J14: =SUM(K9:K10) -> 17581.86

Sheet ORÇAMENTO SINTÉTICO (SD)
B1: ORÇAMENTO SINTÉTICO SEM DESONERAÇÃO
B3: OBJETO: | C3: ='CAPA - ORÇAMENTO'!D15 -> CONTRATAÇÃO DE EMPRESA PARA ELABORAÇÃO PROJETOS DE ENGENHARIA PARA IMPLANTAÇÃO DE PAVIMENTAÇÃO URBANA NO MUNICÍPIO DE URUTAÍ-GO | L3: DATA: | M3: ='DADOS DA OBRA'!N22 -> 45966
B4: LOCAL: | C4: =+'CAPA - ORÇAMENTO'!D16 -> LOTEAMENTO SETOR BELA VISTA II | L4: BDI OBRA: | M4: 0.4511
B5: BASE: | C5: =+'DADOS DA OBRA'!B28 -> GOINFRA (TABELA DE PROJETOS) - 06/2025 | L5: REVISÃO: | M5: ='DADOS DA OBRA'!N25 -> 00
B8: Item | C8: Código | D8: Banco | E8: Descrição | F8: Und | G8: Qtd | H8: Valor Unit (Ref.: km) | I8: Valor Unit (m²) | J8: Valor Total sem BDI | K8: BDI | L8: Valor Unit com BDI | M8: Valor Total com BDI
E9: ESTUDOS | J9: =SUBTOTAL(9,J10:J15) -> 4320.94 | M9: =SUBTOTAL(9,M10:M15) -> 6108.94
C10: PRODUTO 007 | D10: GOINFRA RODOVIARIA | E10: ESTUDOS HIDRÓLOGICOS | F10: M2 | G10: 7449.96 | H10: 930.49 | I10: =TRUNC(H10/$D$30,2) -> 0.1 | J10: =TRUNC(G10 * I10, 2) -> 744.99 | K10: =+$M$4 -> 0.4511 | L10: =TRUNC(I10 * (1 + K10), 2) -> 0.14 | M10: =TRUNC(G10 * L10, 2) -> 1042.99
C11: PRODUTO 006 | D11: GOINFRA RODOVIARIA | E11: ESTUDO DE TRÁFEGO | F11: M2 | G11: =G10 -> 7449.96 | H11: 1531.71 | I11: =TRUNC(H11/$D$30,2) -> 0.17 | J11: =TRUNC(G11 * I11, 2) -> 1266.49 | K11: =+$M$4 -> 0.4511 | L11: =TRUNC(I11 * (1 + K11), 2) -> 0.24 | M11: =TRUNC(G11 * L11, 2) -> 1787.99
C12: PRODUTO 004 | D12: GOINFRA RODOVIARIA | E12: ESTUDOS GEOLÓGICOS | F12: M2 | G12: =G11 -> 7449.96 | H12: 535.63 | I12: =TRUNC(H12/$D$30,2) -> 0.05 | J12: =TRUNC(G12 * I12, 2) -> 372.49 | K12: =+$M$4 -> 0.4511 | L12: =TRUNC(I12 * (1 + K12), 2) -> 0.07 | M12: =TRUNC(G12 * L12, 2) -> 521.49
C13: SUBPROD.10C | D13: GOINFRA RODOVIARIA | E13: SONDAGEM E COLETA DE MATERIAL DE JAZIDAS | F13: M2 | G13: =G12 -> 7449.96 | H13: 906.02 | I13: =TRUNC(H13/$D$30,2) -> 0.1 | J13: =TRUNC(G13 * I13, 2) -> 744.99 | K13: =+$M$4 -> 0.4511 | L13: =TRUNC(I13 * (1 + K13), 2) -> 0.14 | M13: =TRUNC(G13 * L13, 2) -> 1042.99
C14: PRODUTO 002 | D14: GOINFRA RODOVIARIA | E14: DIAGNÓSTICO AMBIENTAL PRÉVIO - DAP | F14: M2 | G14: =G11 -> 7449.96 | H14: 881.92 | I14: =TRUNC(H14/$D$30,2) -> 0.09 | J14: =TRUNC(G14 * I14, 2) -> 670.49 | K14: =+$M$4 -> 0.4511 | L14: =TRUNC(I14 * (1 + K14), 2) -> 0.13 | M14: =TRUNC(G14 * L14, 2) -> 968.49
C15: PRODUTO 020 | D15: GOINFRA RODOVIARIA | E15: ORÇAMENTO E MEMORIAIS DE CÁLCULO | F15: M2 | G15: =G12 -> 7449.96 | H15: 661.49 | I15: =TRUNC(H15/$D$30,2) -> 0.07 | J15: =TRUNC(G15 * I15, 2) -> 521.49 | K15: =+$M$4 -> 0.4511 | L15: =TRUNC(I15 * (1 + K15), 2) -> 0.1 | M15: =TRUNC(G15 * L15, 2) -> 744.99
E16: PROJETOS | J16: =SUBTOTAL(9,J17:J22) -> 8045.92 | M16: =SUBTOTAL(9,M17:M22) -> 11472.92
C17: PRODUTO 011 | D17: GOINFRA RODOVIARIA | E17: PROJETO DE TERRAPLENAGEM | F17: M2 | G17: =G15 -> 7449.96 | H17: 1601.84 | I17: =TRUNC(H17/$D$30,2) -> 0.17 | J17: =TRUNC(G17 * I17, 2) -> 1266.49 | K17: =+$M$4 -> 0.4511 | L17: =TRUNC(I17 * (1 + K17), 2) -> 0.24 | M17: =TRUNC(G17 * L17, 2) -> 1787.99
C18: PRODUTO 008 | D18: GOINFRA RODOVIARIA | E18: PROJETO GEOMÉTRICO E INTERSECÇÕES | F18: M2 | G18: =G17 -> 7449.96 | H18: 1156.48 | I18: =TRUNC(H18/$D$30,2) -> 0.12 | J18: =TRUNC(G18 * I18, 2) -> 893.99 | K18: =+$M$4 -> 0.4511 | L18: =TRUNC(I18 * (1 + K18), 2) -> 0.17 | M18: =TRUNC(G18 * L18, 2) -> 1266.49
C19: PRODUTO 013 | D19: GOINFRA RODOVIARIA | E19: PROJETO DE DRENAGEM | F19: M2 | G19: =G18 -> 7449.96 | H19: 884.58 | I19: =TRUNC(H19/$D$30,2) -> 0.09 | J19: =TRUNC(G19 * I19, 2) -> 670.49 | K19: =+$M$4 -> 0.4511 | L19: =TRUNC(I19 * (1 + K19), 2) -> 0.13 | M19: =TRUNC(G19 * L19, 2) -> 968.49
C20: PRODUTO 014 | D20: GOINFRA RODOVIARIA | E20: PROJETO DE SINALIZAÇÃO E OBRAS COMPLEMENTARES | F20: M2 | G20: =G19 -> 7449.96 | H20: 834.59 | I20: =TRUNC(H20/$D$30,2) -> 0.09 | J20: =TRUNC(G20 * I20, 2) -> 670.49 | K20: =+$M$4 -> 0.4511 | L20: =TRUNC(I20 * (1 + K20), 2) -> 0.13 | M20: =TRUNC(G20 * L20, 2) -> 968.49
C21: PRODUTO 012 | D21: GOINFRA RODOVIARIA | E21: PROJETO DE PAVIMENTAÇÃO | F21: M2 | G21: =G19 -> 7449.96 | H21: 2400.48 | I21: =TRUNC(H21/$D$30,2) -> 0.26 | J21: =TRUNC(G21 * I21, 2) -> 1936.98 | K21: =+$M$4 -> 0.4511 | L21: =TRUNC(I21 * (1 + K21), 2) -> 0.37 | M21: =TRUNC(G21 * L21, 2) -> 2756.48
C22: PRODUTO 016 | D22: GOINFRA RODOVIARIA | E22: PROJETO AMBIENTAL | F22: M2 | G22: =G19 -> 7449.96 | H22: 3233.49 | I22: =TRUNC(H22/$D$30,2) -> 0.35 | J22: =TRUNC(G22 * I22, 2) -> 2607.48 | K22: =+$M$4 -> 0.4511 | L22: =TRUNC(I22 * (1 + K22), 2) -> 0.5 | M22: =TRUNC(G22 * L22, 2) -> 3724.98
I24: Total sem BDI | M24: =+SUBTOTAL(9,J9:J22) -> 12366.86
I25: Total do BDI | M25: =+M26-M24 -> 5215
E26: Custo total por km = | I26: Total Geral | M26: =+SUBTOTAL(9,M9:M22) -> 17581.86
B27: OBSERVAÇÕES
B29: O preço referencial de projetos adotado pela GOINFRA é estabelecido por quilômetro de rodovia, considerando-se uma faixa de rolamento padrão de 9,00 m de largura, o que corresponde a uma área de 9.000,00 m². Dessa forma, para permitir a utilização desse parâmetro em projetos de implantação de vias urbanas em loteamentos, procedeu-se à conversão do valor unitário de km para m², mantendo a proporcionalidade e a equivalência técnica do referencial adotado pela GOINFRA. Essa adequação assegura coerência metodológica, viabiliza a comparação com os preços praticados e garante a fidelidade do custo estimado em relação ao parâmetro oficialmente reconhecido pelo Estado.
B30: Área equivalente | D30: 9000 | E30: m²

Sheet CRONOGRAMA (SD)
B1: CRONOGRAMA FISICO-FINANCEIRO SEM DESONERAÇÃO
B8: OBJETO: | C8: ='ORÇAMENTO RESUMO (SD)'!C3 -> CONTRATAÇÃO DE EMPRESA PARA ELABORAÇÃO PROJETOS DE ENGENHARIA PARA IMPLANTAÇÃO DE PAVIMENTAÇÃO URBANA NO MUNICÍPIO DE URUTAÍ-GO | Q8: DATA: | R8: ='DADOS DA OBRA'!N22 -> 45966
B9: LOCAL: | C9: ='ORÇAMENTO RESUMO (SD)'!C4 -> LOTEAMENTO SETOR BELA VISTA II | Q9: REVISÃO: | R9: ='DADOS DA OBRA'!N25 -> 00
B11: ITEM | C11: SERVIÇO | D11: VALORES | E11: PRAZO
E12: 15 DIAS | I12: 30 DIAS | M12: 45 DIAS | Q12: 60 DIAS
B14: 1 | C14: ='ORÇAMENTO RESUMO (SD)'!E9 -> ESTUDOS | D14: ='ORÇAMENTO RESUMO (SD)'!K9 -> 6108.94 | E14: =E16*$D14 -> 3054.47 | I14: =I16*$D14 -> 3054.47 | M14: =M16*$D14 -> 0 | Q14: =Q16*$D14 -> 0
D16: =D14/$D$20 -> 0.34745698 | E16: 0.5 | I16: 0.5
B17: 2 | C17: ='ORÇAMENTO RESUMO (SD)'!E10 -> PROJETOS | D17: ='ORÇAMENTO RESUMO (SD)'!K10 -> 11472.92 | E17: =E19*$D17 -> 0 | I17: =I19*$D17 -> 3441.876 | M17: =M19*$D17 -> 5736.46 | Q17: =Q19*$D17 -> 2294.584
D19: =D17/$D$20 -> 0.65254302 | I19: 0.3 | M19: 0.5 | Q19: 0.2
C20: TOTAL SIMPLES COM BDI | D20: =SUM(D14,D17) -> 17581.86 | E20: =SUM(E14,E17) -> 3054.47 | F20: =SUM(#REF!,#REF!,#REF!,#REF!,#REF!,#REF!,#REF!,#REF!,#REF!,#REF!,#REF!,#REF!,#REF!,#REF!,#REF!,#REF!,#REF!,#REF!,#REF!,#REF!,#REF!,F17,F14) -> #REF! | G20: =SUM(#REF!,#REF!,#REF!,#REF!,#REF!,#REF!,#REF!,#REF!,#REF!,#REF!,#REF!,#REF!,#REF!,#REF!,#REF!,#REF!,#REF!,#REF!,#REF!,#REF!,#REF!,G17,G14) -> #REF! | H20: =SUM(#REF!,#REF!,#REF!,#REF!,#REF!,#REF!,#REF!,#REF!,#REF!,#REF!,#REF!,#REF!,#REF!,#REF!,#REF!,#REF!,#REF!,#REF!,#REF!,#REF!,#REF!,H17,H14) -> #REF! | I20: =SUM(I14,I17) -> 6496.346 | J20: =SUM(#REF!,#REF!,#REF!,#REF!,#REF!,#REF!,#REF!,#REF!,#REF!,#REF!,#REF!,#REF!,#REF!,#REF!,#REF!,#REF!,#REF!,#REF!,#REF!,#REF!,#REF!,J17,J14) -> #REF! | K20: =SUM(#REF!,#REF!,#REF!,#REF!,#REF!,#REF!,#REF!,#REF!,#REF!,#REF!,#REF!,#REF!,#REF!,#REF!,#REF!,#REF!,#REF!,#REF!,#REF!,#REF!,#REF!,K17,K14) -> #REF! | L20: =SUM(#REF!,#REF!,#REF!,#REF!,#REF!,#REF!,#REF!,#REF!,#REF!,#REF!,#REF!,#REF!,#REF!,#REF!,#REF!,#REF!,#REF!,#REF!,#REF!,#REF!,#REF!,L17,L14) -> #REF! | M20: =SUM(M14,M17) -> 5736.46 | N20: =SUM(#REF!,#REF!,#REF!,#REF!,#REF!,#REF!,#REF!,#REF!,#REF!,#REF!,#REF!,#REF!,#REF!,#REF!,#REF!,#REF!,#REF!,#REF!,#REF!,#REF!,#REF!,N17,N14) -> #REF! | O20: =SUM(#REF!,#REF!,#REF!,#REF!,#REF!,#REF!,#REF!,#REF!,#REF!,#REF!,#REF!,#REF!,#REF!,#REF!,#REF!,#REF!,#REF!,#REF!,#REF!,#REF!,#REF!,O17,O14) -> #REF! | P20: =SUM(#REF!,#REF!,#REF!,#REF!,#REF!,#REF!,#REF!,#REF!,#REF!,#REF!,#REF!,#REF!,#REF!,#REF!,#REF!,#REF!,#REF!,#REF!,#REF!,#REF!,#REF!,P17,P14) -> #REF! | Q20: =SUM(Q14,Q17) -> 2294.584 | R20: =SUM(#REF!,#REF!,#REF!,#REF!,#REF!,#REF!,#REF!,#REF!,#REF!,#REF!,#REF!,#REF!,#REF!,#REF!,#REF!,#REF!,#REF!,#REF!,#REF!,#REF!,#REF!,R17,R14) -> #REF! | S20: =SUM(#REF!,#REF!,#REF!,#REF!,#REF!,#REF!,#REF!,#REF!,#REF!,#REF!,#REF!,#REF!,#REF!,#REF!,#REF!,#REF!,#REF!,#REF!,#REF!,#REF!,#REF!,S17,S14) -> #REF! | T20: =SUM(#REF!,#REF!,#REF!,#REF!,#REF!,#REF!,#REF!,#REF!,#REF!,#REF!,#REF!,#REF!,#REF!,#REF!,#REF!,#REF!,#REF!,#REF!,#REF!,#REF!,#REF!,T17,T14) -> #REF!
C21: PERCENTUAL SIMPLES | D21: =SUM(D16,D19) -> 1 | E21: =E20/$D$20 -> 0.17372849 | I21: =I20/$D$20 -> 0.3694914 | M21: =M20/$D$20 -> 0.32627151 | Q21: =Q20/$D$20 -> 0.1305086
C22: TOTAL ACUMULADO COM BDI | E22: =+E20 -> 3054.47 | I22: =+I20+E22 -> 9550.816 | M22: =+M20+I22 -> 15287.276 | Q22: =+Q20+M22 -> 17581.86
C23: PERCENTUAL ACUMULADO | E23: =E21 -> 0.17372849 | I23: =+I21+E23 -> 0.54321989 | M23: =+M21+I23 -> 0.8694914 | Q23: =+Q21+M23 -> 1

Sheet COMPOSIÇÕES (SD)
A1: COMPOSIÇÃO DE PREÇOS UNITÁRIOS SEM DESONERAÇÃO
A3: OBJETO: | B3: ='ORÇAMENTO SINTÉTICO (SD)'!C3 -> CONTRATAÇÃO DE EMPRESA PARA ELABORAÇÃO PROJETOS DE ENGENHARIA PARA IMPLANTAÇÃO DE PAVIMENTAÇÃO URBANA NO MUNICÍPIO DE URUTAÍ-GO | F3: DATA: | G3: ='ORÇAMENTO SINTÉTICO (SD)'!M3 -> 45966 | I3: ENCARGOS SOCIAIS HORISTAS: | J3: ='ORÇAMENTO SINTÉTICO (SD)'!#REF! -> #REF!
A4: LOCAL: | B4: ='ORÇAMENTO SINTÉTICO (SD)'!C4 -> LOTEAMENTO SETOR BELA VISTA II | F4: REVISÃO: | G4: ='ORÇAMENTO SINTÉTICO (SD)'!M5 -> 00 | I4: BDI OBRA: | J4: ='ORÇAMENTO SINTÉTICO (SD)'!M4 -> 0.4511
A5: BASE: | B5: ='ORÇAMENTO SINTÉTICO (SD)'!C5 -> GOINFRA (TABELA DE PROJETOS) - 06/2025 | F5: PRAZO : | G5: ='ORÇAMENTO SINTÉTICO (SD)'!K5 -> 0
A8: Composições Principais
A9: 1.1 | B9: Código | C9: Banco | D9: Descrição | E9: Tipo | G9: Und | H9: Quant. | I9: Valor Unit | J9: Total
A10: Composição | B10: 42190 | C10: AGETOP RODOVIARIA | D10: ADMINISTRAÇÃO LOCAL - TIPO F | E10: 4219 | G10: un | H10: 1 | I10: 588300.17 | J10: 588300.17
F11: Custo Horário da Execução (A) + (B) | J11: 0
F12: (D) Produção de Equipe | J12: 1
F13: (E) Custo Unitário de Execução [(A) + (B) + (C)] / (D) | J13: 0
A14: F | B14: Código | C14: Banco | D14: MATERIAL | E14: Quantidade | F14: Unidade | G14: Preço Unitário | J14: Custo Horário
A15: Insumo | B15: 0004 | C15: Emp | D15: ADMINISTRAÇÃO LOCAL - TIPO F (CONFORME DEMONSTRATIVO) | E15: 1 | F15: UN | G15: 588.300,17 | J15: 588.300,17
F16: Custo unitário total de material | J16: 588300.17
E17: MO sem LS => | F17: 0 | G17: LS => | H17: 0 | I17: MO com LS => | J17: 0
E18: Valor do BDI => | F18: 0 | H18: Valor com BDI => | J18: 588300.17
A20: 2.1 | B20: Código | C20: Banco | D20: Descrição | E20: Tipo | G20: Und | H20: Quant. | I20: Valor Unit | J20: Total
A21: Composição | B21: 42290 | C21: AGETOP RODOVIARIA | D21: CANTEIRO DE OBRA - TIPO F | E21: 4229 | G21: un | H21: 1 | I21: 269605.37 | J21: 269605.37
F22: Custo Horário da Execução (A) + (B) | J22: 0
F23: (D) Produção de Equipe | J23: 1
F24: (E) Custo Unitário de Execução [(A) + (B) + (C)] / (D) | J24: 0
A25: F | B25: Código | C25: Banco | D25: MATERIAL | E25: Quantidade | F25: Unidade | G25: Preço Unitário | J25: Custo Horário
A26: Insumo | B26: 0003 | C26: Emp | D26: CANTEIRO DE OBRA - TIPO F | E26: 1 | F26: UN | G26: 269.605,37 | J26: 269.605,37
F27: Custo unitário total de material | J27: 269605.37
E28: MO sem LS => | F28: 0 | G28: LS => | H28: 0 | I28: MO com LS => | J28: 0
E29: Valor do BDI => | F29: 0 | H29: Valor com BDI => | J29: 269605.37
A31: 2.2 | B31: Código | C31: Banco | D31: Descrição | E31: Tipo | G31: Und | H31: Quant. | I31: Valor Unit | J31: Total
A32: Composição | B32: 42301 | C32: AGETOP RODOVIARIA | D32: MOBILIZAÇÃO / DESMOBILIZAÇÃO - CONFORME DEMONSTRATIVO | E32: 4230 | G32: un | H32: 1 | I32: 36729.72 | J32: 36729.72
F33: Custo Horário da Execução (A) + (B) | J33: 0
F34: (D) Produção de Equipe | J34: 1
F35: (E) Custo Unitário de Execução [(A) + (B) + (C)] / (D) | J35: 0
A36: F | B36: Código | C36: Banco | D36: MATERIAL | E36: Quantidade | F36: Unidade | G36: Preço Unitário | J36: Custo Horário
A37: Insumo | B37: 0002 | C37: Emp | D37: MOBILIZAÇÃO / DESMOBILIZAÇÃO - CONFORME DEMONSTRATIVO - SEM DESONERAÇÃO | E37: 1 | F37: UN | G37: 36.729,72 | J37: 36.729,72
F38: Custo unitário total de material | J38: 36729.72
E39: MO sem LS => | F39: 0 | G39: LS => | H39: 0 | I39: MO com LS => | J39: 0
E40: Valor do BDI => | F40: 0 | H40: Valor com BDI => | J40: 36729.72
A42: 3.1 | B42: Código | C42: Banco | D42: Descrição | E42: Tipo | G42: Und | H42: Quant. | I42: Valor Unit | J42: Total
A43: Composição | B43: 42825 | C43: AGETOP RODOVIARIA | D43: DEMOLIÇÃO DE CONCRETO ARMADO | E43: 4282 | G43: m³ | H43: 1 | I43: 652.45 | J43: 652.45
A44: A | B44: Código | C44: Banco | D44: Equipamentos | E44: Quantidade | F44: Utilização | H44: Custo Horário | J44: Custo Horário Total
F45: Operativa | G45: Improdutiva | H45: Operativa | I45: Improdutiva
A46: Insumo | B46: 30027 | C46: AGETOP RODOVIARIA | D46: COMPRESSOR DE AR 340 PCM | E46: 1 | F46: 1 | G46: 0 | H46: 123.77 | I46: 25.42 | J46: 123.77
A47: Insumo | B47: 30037 | C47: AGETOP RODOVIARIA | D47: CAMINHÃO BASCULANTE 10 M3 - 15 T | E47: 0.05 | F47: 1 | G47: 0 | H47: 305.94 | I47: 84.71 | J47: 15.29
A48: Insumo | B48: 30028 | C48: AGETOP RODOVIARIA | D48: MARTELETE PERFURADOR / ROMPEDOR - AR COMPRIMIDO (25kg) | E48: 3 | F48: 1 | G48: 0 | H48: 32.5 | I48: 30.33 | J48: 97.5
F49: Custo horário total de equipamentos | J49: 236.56
A50: B | B50: Código | C50: Banco | D50: Mão de Obra | E50: Quantidade | F50: Custo Horário | J50: Custo Horário Total
A51: Insumo | B51: 20031 | C51: AGETOP RODOVIARIA | D51: SERVENTE | E51: 1 | I51: 21,73 | J51: 21,73
A52: Insumo | B52: 20002 | C52: AGETOP RODOVIARIA | D52: ENCARREGADO DE SERVIÇO | E52: 0.1 | I52: 26,90 | J52: 2,69
F53: Adicional de Mão de obra (%) | J53: 0
F54: Custo horário total de mão de obra | J54: 24.42
F55: Custo Horário da Execução (A) + (B) | J55: 260.98
F56: (D) Produção de Equipe | J56: 0.4
F57: (E) Custo Unitário de Execução [(A) + (B) + (C)] / (D) | J57: 652.45
E58: MO sem LS => | F58: 0 | G58: LS => | H58: 61.05 | I58: MO com LS => | J58: 61.05
E59: Valor do BDI => | F59: 0 | H59: Valor com BDI => | J59: 652.45
A61: 3.2 | B61: Código | C61: Banco | D61: Descrição | E61: Tipo | G61: Und | H61: Quant. | I61: Valor Unit | J61: Total
A62: Composição | B62: 40001 | C62: AGETOP RODOVIARIA | D62: DESMATAMENTO E LIMPEZA - INCLUSO DESTOCAMENTO DE ÁRVORES COM DIÂMETROS MENORES DE 15 cm | E62: 4000 | G62: m² | H62: 1 | I62: 0.54 | J62: 0.54
A63: A | B63: Código | C63: Banco | D63: Equipamentos | E63: Quantidade | F63: Utilização | H63: Custo Horário | J63: Custo Horário Total
F64: Operativa | G64: Improdutiva | H64: Operativa | I64: Improdutiva
A65: Insumo | B65: 30001 | C65: AGETOP RODOVIARIA | D65: TRATOR ESTEIRAS COM LÂMINA - CAT D8 OU EQUIVALENTE | E65: 1 | F65: 1 | G65: 0 | H65: 778.46 | I65: 306.93 | J65: 778.46
F66: Custo horário total de equipamentos | J66: 778.46
A67: B | B67: Código | C67: Banco | D67: Mão de Obra | E67: Quantidade | F67: Custo Horário | J67: Custo Horário Total
A68: Insumo | B68: 20031 | C68: AGETOP RODOVIARIA | D68: SERVENTE | E68: 2 | I68: 21,73 | J68: 43,46
A69: Insumo | B69: 20002 | C69: AGETOP RODOVIARIA | D69: ENCARREGADO DE SERVIÇO | E69: 0.4 | I69: 26,90 | J69: 10,76
F70: Adicional de Mão de obra (%) | J70: 0
F71: Custo horário total de mão de obra | J71: 54.22
F72: Custo Horário da Execução (A) + (B) | J72: 832.68
F73: (D) Produção de Equipe | J73: 1532.91
F74: (E) Custo Unitário de Execução [(A) + (B) + (C)] / (D) | J74: 0.54
E75: MO sem LS => | F75: 0 | G75: LS => | H75: 0.04 | I75: MO com LS => | J75: 0.035370635
E76: Valor do BDI => | F76: 0 | H76: Valor com BDI => | J76: 0.54
A78: 3.3 | B78: Código | C78: Banco | D78: Descrição | E78: Tipo | G78: Und | H78: Quant. | I78: Valor Unit | J78: Total
A79: Composição | B79: 40005 | C79: AGETOP RODOVIARIA | D79: CARGA DE ENTULHOS | E79: 4000 | G79: m³ | H79: 1 | I79: 2.49 | J79: 2.49
A80: A | B80: Código | C80: Banco | D80: Equipamentos | E80: Quantidade | F80: Utilização | H80: Custo Horário | J80: Custo Horário Total
F81: Operativa | G81: Improdutiva | H81: Operativa | I81: Improdutiva
A82: Insumo | B82: 30007 | C82: AGETOP RODOVIARIA | D82: CARREGADEIRA DE PNEUS CAT - 950 H OU EQUIVALENTE | E82: 1 | F82: 1 | G82: 0 | H82: 451.28 | I82: 220.32 | J82: 451.28
F83: Custo horário total de equipamentos | J83: 451.28
A84: B | B84: Código | C84: Banco | D84: Mão de Obra | E84: Quantidade | F84: Custo Horário | J84: Custo Horário Total
A85: Insumo | B85: 20031 | C85: AGETOP RODOVIARIA | D85: SERVENTE | E85: 1 | I85: 21,73 | J85: 21,73
A86: Insumo | B86: 20002 | C86: AGETOP RODOVIARIA | D86: ENCARREGADO DE SERVIÇO | E86: 0.1 | I86: 26,90 | J86: 2,69
F87: Adicional de Mão de obra (%) | J87: 0
F88: Custo horário total de mão de obra | J88: 24.42
F89: Custo Horário da Execução (A) + (B) | J89: 475.7
F90: (D) Produção de Equipe | J90: 191
F91: (E) Custo Unitário de Execução [(A) + (B) + (C)] / (D) | J91: 2.49
E92: MO sem LS => | F92: 0 | G92: LS => | H92: 0.13 | I92: MO com LS => | J92: 0.1278534
E93: Valor do BDI => | F93: 0 | H93: Valor com BDI => | J93: 2.49
A95: 3.4 | B95: Código | C95: Banco | D95: Descrição | E95: Tipo | G95: Und | H95: Quant. | I95: Valor Unit | J95: Total
A96: Composição | B96: 40006 | C96: AGETOP RODOVIARIA | D96: TRANSPORTE DE ENTULHOS | E96: 4000 | G96: m3km | H96: 1 | I96: 2.26 | J96: 2.26
A97: A | B97: Código | C97: Banco | D97: Equipamentos | E97: Quantidade | F97: Utilização | H97: Custo Horário | J97: Custo Horário Total
F98: Operativa | G98: Improdutiva | H98: Operativa | I98: Improdutiva
A99: Insumo | B99: 30037 | C99: AGETOP RODOVIARIA | D99: CAMINHÃO BASCULANTE 10 M3 - 15 T | E99: 1 | F99: 1 | G99: 0 | H99: 305.94 | I99: 84.71 | J99: 305.94
F100: Custo horário total de equipamentos | J100: 305.94
F101: Custo Horário da Execução (A) + (B) | J101: 305.94
F102: (D) Produção de Equipe | J102: 135
F103: (E) Custo Unitário de Execução [(A) + (B) + (C)] / (D) | J103: 2.26
E104: MO sem LS => | F104: 0 | G104: LS => | H104: 0 | I104: MO com LS => | J104: 0
E105: Valor do BDI => | F105: 0 | H105: Valor com BDI => | J105: 2.26
A107: 3.5 | B107: Código | C107: Banco | D107: Descrição | E107: Tipo | G107: Und | H107: Quant. | I107: Valor Unit | J107: Total
A108: Composição | B108: 40145 | C108: AGETOP RODOVIARIA | D108: ESPALHAMENTO DE MATERIAL EM BOTA-FORA | E108: 4014 | G108: m³ | H108: 1 | I108: 2 | J108: 2
A109: A | B109: Código | C109: Banco | D109: Equipamentos | E109: Quantidade | F109: Utilização | H109: Custo Horário | J109: Custo Horário Total
F110: Operativa | G110: Improdutiva | H110: Operativa | I110: Improdutiva
...

Sheet CURVA ABC DE SERVIÇOS (SD)
B1: CURVA ABC DE SERVIÇOS SEM DESONERAÇÃO
B3: OBJETO: | C3: ='DADOS DA OBRA'!B13 -> 0 | E3: DATA: | F3: ='DADOS DA OBRA'!N22 -> 45966 | I3: ENCARGOS SOCIAIS HORISTAS:
B4: LOCAL: | C4: =+""&'DADOS DA OBRA'!$B$16&", "&'DADOS DA OBRA'!$B$19&", "&'DADOS DA OBRA'!$J$19&", "&'DADOS DA OBRA'!$P$19 -> , , , | E4: REVISÃO: | F4: ='DADOS DA OBRA'!N25 -> 00 | I4: ENCARGOS SOCIAIS MENSALISTAS:
B5: BASE: | C5: ='DADOS DA OBRA'!B28 -> GOINFRA (TABELA DE PROJETOS) - 06/2025 | E5: PRAZO: | F5: ='DADOS DA OBRA'!B25 -> 60 DIAS | I5: BDI OBRA:
I6: BDI DIFERENCIADO:
B8: Código | C8: Banco | D8: Descrição | E8: Und | F8: Quant. | G8: Valor Unit | H8: Total | I8: Peso (%) | J8: Peso Acumulado (%)
B9: 45155 | C9: AGETOP RODOVIARIA | D9: AÇO CA50/60 AQUISIÇÃO, ARMAÇÃO E COLOCAÇÃO (INCLUSO PERDAS) | E9: Kg | F9: 182068.97 | G9: 12.4 | H9: 2257655.2 | I9: =+H9/$G$56 -> 0.25452062 | J9: =+I9 -> 0.25452062
B10: 45135 | C10: AGETOP RODOVIARIA | D10: ESCORAMENTO PARA PONTE | E10: m³ | F10: 12009.6 | G10: 102.75 | H10: 1233986.4 | I10: =+H10/$G$56 -> 0.13911557 | J10: =+J9+I10 -> 0.39363619
B11: 42800 | C11: AGETOP RODOVIARIA | D11: GABIÕES (1,00 M) | E11: m³ | F11: 1390.5 | G11: 640.02 | H11: 889947.81 | I11: =+H11/$G$56 -> 0.10032979 | J11: =+J10+I11 -> 0.49396598
B12: 45276 | C12: AGETOP RODOVIARIA | D12: ESTACA RAIZ PERFURADA NA ROCHA - D = 40 cm | E12: m | F12: 351.6 | G12: 2213.88 | H12: 778400.2 | I12: =+H12/$G$56 -> 0.087754279 | J12: =+J11+I12 -> 0.58172026
B13: 42190 | C13: AGETOP RODOVIARIA | D13: ADMINISTRAÇÃO LOCAL - TIPO F - CONFORME DEMONSTRATIVO | E13: un | F13: 1 | G13: 588300.17 | H13: 588300.17 | I13: =+H13/$G$56 -> 0.066323026 | J13: =+J12+I13 -> 0.64804329
B14: 42810 | C14: AGETOP RODOVIARIA | D14: COLCHÕES RENO (0,23 M). (Adaptado conforme altura do colchão reno) | E14: m³ | F14: 504.62 | G14: 1037.13 | H14: 523356.54 | I14: =+H14/$G$56 -> 0.059001495 | J14: =+J13+I14 -> 0.70704478
B15: 45156 | C15: AGETOP RODOVIARIA | D15: CONCRETO USINADO BOMBEÁVEL FCK=35 MPA | E15: m³ | F15: 622.58 | G15: 713.77 | H15: 444378.92 | I15: =+H15/$G$56 -> 0.050097818 | J15: =+J14+I15 -> 0.7571426
B16: 42290 | C16: AGETOP RODOVIARIA | D16: CANTEIRO DE OBRA - TIPO F - CONFORME DEMONSTRATIVO | E16: un | F16: 1 | G16: 269605.37 | H16: 269605.37 | I16: =+H16/$G$56 -> 0.030394423 | J16: =+J15+I16 -> 0.78753702
B17: 45430 | C17: AGETOP RODOVIARIA | D17: REATERRO APILOADO DE VALAS | E17: m³ | F17: 3695.09 | G17: 67.14 | H17: 248088.33 | I17: =+H17/$G$56 -> 0.027968663 | J17: =+J16+I17 -> 0.81550569
B18: 45150 | C18: AGETOP RODOVIARIA | D18: FORMA CHAPA COMPENSADA PLASTIFICADA 17 mm - UTILIZAÇÃO 3X (CONFECÇÃO, INSTALAÇÃO E RETIRADA) | E18: m² | F18: 2493.35 | G18: 97.74 | H18: 243700.01 | I18: =+H18/$G$56 -> 0.027473938 | J18: =+J17+I18 -> 0.84297963
B19: 40317 | C19: AGETOP RODOVIARIA | D19: FORNECIMENTO DE MATERIAL DE JAZIDA (CASCALHO) | E19: m³ | F19: 11710.46 | G19: 19.11 | H19: 223786.89 | I19: =+H19/$G$56 -> 0.025228997 | J19: =+J18+I19 -> 0.86820862
B20: 42825 | C20: AGETOP RODOVIARIA | D20: DEMOLIÇÃO DE CONCRETO ARMADO | E20: m³ | F20: 174.69 | G20: 652.45 | H20: 113976.49 | I20: =+H20/$G$56 -> 0.012849334 | J20: =+J19+I20 -> 0.88105796
B21: 40455 | C21: AGETOP RODOVIARIA | D21: TRANSPORTE COMERCIAL DE AGREGADOS | E21: m3km | F21: 89636.1 | G21: 1.22 | H21: 109356.03 | I21: =+H21/$G$56 -> 0.01232844 | J21: =+J20+I21 -> 0.8933864
... B54: 40001 | C54: AGETOP RODOVIARIA | D54: DESMATAMENTO E LIMPEZA - INCLUSO DESTOCAMENTO DE ÁRVORES COM DIÂMETROS MENORES DE 15 cm | E54: m² | F54: 374.4 | G54: 0.54 | H54: 202.165 | I54: =+H54/$G$56 -> 2.2791417e-05 | J54: =+J53+I54 -> 1
E56: Total sem BDI | G56: =SUM(H9:H54) -> 8870225

Sheet BDI NORMAL (SD) 
B1: BONIFICAÇÃO DE DESPESAS INDIRETAS BDI - NORMAL SEM DESONERAÇÃO
B4: OBJETO: | C4: ='ORÇAMENTO RESUMO (SD)'!C3 -> CONTRATAÇÃO DE EMPRESA PARA ELABORAÇÃO PROJETOS DE ENGENHARIA PARA IMPLANTAÇÃO DE PAVIMENTAÇÃO URBANA NO MUNICÍPIO DE URUTAÍ-GO | N4: DATA: | O4: ='DADOS DA OBRA'!N22 -> 45966
B5: LOCAL: | C5: ='ORÇAMENTO RESUMO (SD)'!C4 -> LOTEAMENTO SETOR BELA VISTA II | N5: REVISÃO: | O5: ='DADOS DA OBRA'!N25 -> 00
B66: Texto extraído do MANUAL DE CUSTOS - ELABORAÇÃO DE PROJETOS RODOVIÁRIOS - 1ª Edição (2024)

Sheet MEMORIAL DE QUANTIDADES
B1: MEMORIAL DE QUANTIDADES
B3: OBJETO: | C3: ='CAPA - ORÇAMENTO'!D15 -> CONTRATAÇÃO DE EMPRESA PARA ELABORAÇÃO PROJETOS DE ENGENHARIA PARA IMPLANTAÇÃO DE PAVIMENTAÇÃO URBANA NO MUNICÍPIO DE URUTAÍ-GO | K3: DATA: | L3: ='DADOS DA OBRA'!N22 -> 45966
B4: LOCAL: | C4: =+'CAPA - ORÇAMENTO'!D16 -> LOTEAMENTO SETOR BELA VISTA II | K4: BDI OBRA: | L4: 0.4503
B17: Quantitativo extraído do Relatório de Visita Técnica (SEI n. 74209175)

Sheet Base
A1: Código Auxiliar | B1: Serviço | C1: Unidade | D1: Preço Unitário
A2: 122191 | B2: PROJETOS DE ENGENHARIA
A3: 45831 | B3: PROJETO DE ENGENHARIA - RELEVO PLANO - FAIXA DE 5 A ABAIXO DE 15 KM | C3: Km | D3: 55801.49
A4: 45832 | B4: PROJETO DE ENGENHARIA - RELEVO PLANO - FAIXA DE 15 A 40 KM | C4: Km | D4: 46971.06
A5: 45833 | B5: PROJETO DE ENGENHARIA - RELEVO PLANO - FAIXA ACIMA DE 40 KM | C5: Km | D5: 38704.02
A6: 45834 | B6: PROJETO DE ENGENHARIA - RELEVO ONDULADO - FAIXA DE 5 A ABAIXO DE 15 KM | C6: Km | D6: 64524.25
A7: 45835 | B7: PROJETO DE ENGENHARIA - RELEVO ONDULADO - FAIXA DE 15 A 40 KM | C7: Km | D7: 54313.48
A8: 45836 | B8: PROJETO DE ENGENHARIA - RELEVO ONDULADO - FAIXA ACIMA DE 40 KM | C8: Km | D8: 44754.15
A9: 45837 | B9: PROJETO DE ENGENHARIA - RELEVO MONTANHOSO - FAIXA DE 5 A ABAIXO DE 15 KM | C9: Km | D9: 66360.6
A10: 45838 | B10: PROJETO DE ENGENHARIA - RELEVO MONTANHOSO - FAIXA DE 15 A 40 KM | C10: Km | D10: 55859.23
A11: 45839 | B11: PROJETO DE ENGENHARIA - RELEVO MONTANHOSO - FAIXA ACIMA DE 40 KM | C11: Km | D11: 46027.86
A12: 122214 | B12: PROJETOS ESPECIALIZADOS
A13: 45854 | B13: PROJETO ESTRUTURAL DE OAE (OBRA DE ARTE ESPECIAL) | C13: m | D13: 915.95
A14: 45857 | B14: PROJETO ESTRUTURAL DE BSCC | C14: un | D14: 6746.33
A15: 45858 | B15: PROJETO ESTRUTURAL DE BDCC | C15: un | D15: 8483.16
A16: 45859 | B16: PROJETO ESTRUTURAL DE BTCC | C16: un | D16: 11009.47
A17: 122344 | B17: PROJETOS RODOVIÁRIOS - RESTAURAÇÃO
A18: 45866 | B18: PROJETO RODOVIÁRIO - RESTAURAÇÃO - FAIXA DE 5 A ABAIXO DE 15 KM | C18: Km | D18: 29152.03
A19: 45867 | B19: PROJETO RODOVIÁRIO - RESTAURAÇÃO - FAIXA DE 15 A 40 KM | C19: Km | D19: 24538.82
A20: 45868 | B20: PROJETO RODOVIÁRIO - RESTAURAÇÃO - FAIXA ACIMA DE 40 KM | C20: Km | D20: 20219.87
A21: 122358 | B21: PROJETOS RODOVIÁRIOS - DUPLICAÇÃO
A22: 45874 | B22: PROJETO RODOVIÁRIO - DUPLICAÇÃO - RELEVO PLANO - FAIXA DE 5 A ABAIXO DE 15 KM | C22: Km | D22: 81552.52
A23: 45875 | B23: PROJETO RODOVIÁRIO - DUPLICAÇÃO - RELEVO PLANO - FAIXA DE 15 A 40 KM | C23: Km | D23: 68647.03
A24: 45876 | B24: PROJETO RODOVIÁRIO - DUPLICAÇÃO - RELEVO PLANO - FAIXA ACIMA DE 40 KM | C24: Km | D24: 56565.02
A25: 45877 | B25: PROJETO RODOVIÁRIO - DUPLICAÇÃO - RELEVO ONDULADO - FAIXA DE 5 A ABAIXO DE 15 KM | C25: Km | D25: 90986.02
A26: 45878 | B26: PROJETO RODOVIÁRIO - DUPLICAÇÃO - RELEVO ONDULADO - FAIXA DE 15 A 40 KM | C26: Km | D26: 76587.71
A27: 45879 | B27: PROJETO RODOVIÁRIO - DUPLICAÇÃO - RELEVO ONDULADO - FAIXA ACIMA DE 40 KM | C27: Km | D27: 63108.12
A28: 45880 | B28: PROJETO RODOVIÁRIO - DUPLICAÇÃO - RELEVO MONTANHOSO - FAIXA DE 5 A ABAIXO DE 15 KM | C28: Km | D28: 92972.01
A29: 45881 | B29: PROJETO RODOVIÁRIO - DUPLICAÇÃO - RELEVO MONTANHOSO - FAIXA DE 15 A 40 KM | C29: Km | D29: 78259.4
A30: 45882 | B30: PROJETO RODOVIÁRIO - DUPLICAÇÃO - RELEVO MONTANHOSO - FAIXA ACIMA DE 40 KM | C30: Km | D30: 64485.6
A31: 122559 | B31: PROJETOS RODOVIÁRIOS - PISTA DUPLA
A32: 45893 | B32: PROJETO RODOVIÁRIO - PISTA DUPLA - RELEVO PLANO - FAIXA DE 5 A ABAIXO DE 15KM | C32: Km | D32: 84657.83
A33: 45894 | B33: PROJETO RODOVIÁRIO - PISTA DUPLA - RELEVO PLANO - FAIXA DE 15 A 40 KM | C33: Km | D33: 71260.91
A34: 45895 | B34: PROJETO RODOVIÁRIO - PISTA DUPLA - RELEVO PLANO - FAIXA ACIMA DE 40 KM | C34: Km | D34: 58718.84
A35: 45896 | B35: PROJETO RODOVIÁRIO - PISTA DUPLA - RELEVO ONDULADO - FAIXA DE 5 A ABAIXO DE 15 KM | C35: Km | D35: 98999.82
A36: 45897 | B36: PROJETO RODOVIÁRIO - PISTA DUPLA - RELEVO ONDULADO - FAIXA DE 15 A 40 KM | C36: Km | D36: 83333.32
A37: 45898 | B37: PROJETO RODOVIÁRIO - PISTA DUPLA - RELEVO ONDULADO - FAIXA ACIMA DE 40 KM | C37: Km | D37: 68666.49
A38: 45899 | B38: PROJETO RODOVIÁRIO - PISTA DUPLA - RELEVO MONTANHOSO - FAIXA DE 5 A ABAIXO DE 15 KM | C38: Km | D38: 102019.19
A39: 45901 | B39: PROJETO RODOVIÁRIO - PISTA DUPLA - RELEVO MONTANHOSO - FAIXA DE 15 A 40 KM | C39: Km | D39: 85874.84
A40: 45902 | B40: PROJETO RODOVIÁRIO - PISTA DUPLA - RELEVO MONTANHOSO - FAIXA ACIMA DE 40 KM | C40: Km | D40: 70760.74
A41: 105964 | B41: SONDAGEM
A42: 45950 | B42: SONDAGEM MAT. 1ª CAT. - SOLO | C42: m | D42: 521.96
A43: 45951 | B43: SONDAGEM MAT. 2ª CAT. - PEDREGULHO | C43: m | D43: 835.11
A44: 45952 | B44: SONDAGEM MAT. 3ª CAT. - ROCHA POUCO ABRASIVA | C44: m | D44: 713.54
A45: 45953 | B45: SONDAGEM MAT. 3ª CAT. - ROCHA MED. ABRASIVA | C45: m | D45: 881.88
A46: 45954 | B46: SONDAGEM MAT. 3ª CAT. - ROCHA MUITO ABRASIVO | C46: m | D46: 1069.75
A47: 45955 | B47: TRANSPORTE DE EQUIPAMENTO DE SONDAGEM | C47: tkm | D47: 1.01
A48: 45956 | B48: INSTALAÇÃO DE SONDA SOBRE ÁGUA | C48: un | D48: 3218.83
A49: 122192 | B49: ANTEPROJETOS RODOVIÁRIOS - IP 20 GOINFRA
A50: 45841 | B50: ANTEPROJETO RODOVIÁRIO - RELEVO PLANO - FAIXA DE 5 A ABAIXO DE 15 KM | C50: Km | D50: 18632.77
A51: 45842 | B51: ANTEPROJETO RODOVIÁRIO - RELEVO PLANO - FAIXA DE 15 A 40 KM | C51: Km | D51: 15684.22
A52: 45843 | B52: ANTEPROJETO RODOVIÁRIO - RELEVO PLANO - FAIXA ACIMA DE 40 KM | C52: Km | D52: 12923.69
A53: 45844 | B53: ANTEPROJETO RODOVIÁRIO - RELEVO ONDULADO - FAIXA DE 5 A ABAIXO DE 15 KM | C53: Km | D53: 21268.72
A54: 45845 | B54: ANTEPROJETO RODOVIÁRIO - RELEVO ONDULADO - FAIXA DE 15 A 40 KM | C54: Km | D54: 17903.08
A55: 45846 | B55: ANTEPROJETO RODOVIÁRIO - RELEVO ONDULADO - FAIXA ACIMA DE 40 KM | C55: Km | D55: 14752
A56: 45847 | B56: ANTEPROJETO RODOVIÁRIO - RELEVO MONTANHOSO - FAIXA DE 5 A ABAIXO DE 15 KM | C56: Km | D56: 21823.65
A57: 45848 | B57: ANTEPROJETO RODOVIÁRIO - RELEVO MONTANHOSO - FAIXA DE 15 A 40 KM | C57: Km | D57: 18370.18
A58: 45849 | B58: ANTEPROJETO RODOVIÁRIO - RELEVO MONTANHOSO - FAIXA ACIMA DE 40 KM | C58: Km | D58: 15136.91
A59: 122225 | B59: ANTEPROJETOS ESPECIALIZADOS - IP 20 GOINFRA
A60: 45864 | B60: ANTEPROJETO ESTRUTURAL DE OAE - EXTENSÃO ACIMA DE 100M | C60: m | D60: 421.31
A61: 45865 | B61: ANTEPROJETO ESTRUTURAL DE OAE - EXTENSÃO IGUAL OU ABAIXO DE 100M | C61: m | D61: 715.43
A62: 122359 | B62: ANTEPROJETOS RODOVIÁRIOS - DUPLICAÇÃO
A63: 45883 | B63: ANTEPROJETO RODOVIÁRIO - DUPLICAÇÃO - RELEVO PLANO - FAIXA DE 5 A ABAIXO DE 15 KM | C63: Km | D63: 26674.13
A64: 45884 | B64: ANTEPROJETO RODOVIÁRIO - DUPLICAÇÃO - RELEVO PLANO - FAIXA DE 15 A 40 KM | C64: Km | D64: 22453.08
A65: 45885 | B65: ANTEPROJETO RODOVIÁRIO - DUPLICAÇÃO - RELEVO PLANO - FAIXA ACIMA DE 40 KM | C65: Km | D65: 18501.21
A66: 45886 | B66: ANTEPROJETO RODOVIÁRIO - DUPLICAÇÃO - RELEVO ONDULADO - FAIXA DE 5 A ABAIXO DE 15 KM | C66: Km | D66: 29550.41
A67: 45887 | B67: ANTEPROJETO RODOVIÁRIO - DUPLICAÇÃO - RELEVO ONDULADO - FAIXA DE 15 A 40 KM | C67: Km | D67: 24874.22
A68: 45888 | B68: ANTEPROJETO RODOVIÁRIO - DUPLICAÇÃO - RELEVO ONDULADO - FAIXA ACIMA DE 40 KM | C68: Km | D68: 20496.21
A69: 45889 | B69: ANTEPROJETO RODOVIÁRIO - DUPLICAÇÃO - RELEVO MONTANHOSO - FAIXA DE 5 A ABAIXO DE 15 KM | C69: Km | D69: 30155.92
A70: 45891 | B70: ANTEPROJETO RODOVIÁRIO - DUPLICAÇÃO - RELEVO MONTANHOSO - FAIXA DE 15 A 40 KM | C70: Km | D70: 25383.9
A71: 45892 | B71: ANTEPROJETO RODOVIÁRIO - DUPLICAÇÃO - RELEVO MONTANHOSO - FAIXA ACIMA DE 40 KM | C71: Km | D71: 20916.22
A72: 122560 | B72: ANTEPROJETOS RODOVIÁRIOS - PISTA DUPLA
A73: 45903 | B73: ANTEPROJETO RODOVIÁRIO - PISTA DUPLA - RELEVO PLANO - FAIXA DE 5 A ABAIXO DE 15 KM | C73: Km | D73: 28734.56
A74: 45904 | B74: ANTEPROJETO RODOVIÁRIO - PISTA DUPLA - RELEVO PLANO - FAIXA DE 15 A 40 KM | C74: Km | D74: 24187.45
A75: 45905 | B75: ANTEPROJETO RODOVIÁRIO - PISTA DUPLA - RELEVO PLANO - FAIXA ACIMA DE 40 KM | C75: Km | D75: 19930.35
A76: 45906 | B76: ANTEPROJETO RODOVIÁRIO - PISTA DUPLA - RELEVO ONDULADO - FAIXA DE 5 A ABAIXO DE 15 | C76: Km | D76: 32924.72
A77: 45907 | B77: ANTEPROJETO RODOVIÁRIO - PISTA DUPLA - RELEVO ONDULADO - FAIXA DE 15 A 40 KM | C77: Km | D77: 27714.53
A78: 45908 | B78: ANTEPROJETO RODOVIÁRIO - PISTA DUPLA - RELEVO ONDULADO - FAIXA ACIMA DE 40 KM | C78: Km | D78: 22836.62
A79: 45909 | B79: ANTEPROJETO RODOVIÁRIO - PISTA DUPLA - RELEVO MONTANHOSO - FAIXA DE 5 A ABAIXO DE 15 KM | C79: Km | D79: 33806.85
A80: 45910 | B80: ANTEPROJETO RODOVIÁRIO - PISTA DUPLA - RELEVO MONTANHOSO - FAIXA DE 15 A 40 KM | C80: Km | D80: 28457.04
A81: 45911 | B81: ANTEPROJETO RODOVIÁRIO - PISTA DUPLA - RELEVO MONTANHOSO - FAIXA ACIMA DE 40 KM | C81: Km | D81: 23448.5
